 Dungeon Crawl Stone Soup version 0.28-a0-241-gfbb0926a3a (webtiles) character file.

Game seed: 6541112658528663450

37354 Colgate the Severer (level 13, -1/106 HPs)
             Began as a Demonspawn Berserker on Aug 24, 2021.
             Was an Elder of Trog.
             Killed from afar by an electric eel (10 damage)
             ... with a bolt of electricity
             ... on level 3 of the Lair of Beasts.
             The game lasted 00:30:34 (13502 turns).

Colgate the Severer (Demonspawn Berserker)         Turns: 13502, Time: 00:30:35

Health: -1/106     AC: 24    Str: 23    XL:     13   Next: 57%
Magic:  13/13      EV:  9    Int:  8    God:    Trog [****..]
Gold:   773        SH:  0    Dex: 13    Spells: 12/12 levels left

rFire   + . .      SeeInvis .   Y - +2 war axe
rCold   . . .      Faith    .   (no shield)
rNeg    . . .      Spirit   .   j - +0 plate armour
rPois   .          Reflect  .   (helmet unavailable)
rElec   .          Harm     .   (no cloak)
rCorr   .          Rampage  .   o - +2 pair of gloves
Will    .....                   (no boots)
Stlth   ..........              b - amulet of regeneration
HPRegen 1.27/turn               c - +4 ring of protection
MPRegen 0.13/turn               h - ring of protection from fire

@: very slow
A: horns 3, yellow scales 2, demonic guardian 1, ignite blood 2
a: Renounce Religion, Berserk, Trog's Hand, Brothers in Arms


You were on level 3 of the Lair of Beasts.
You worshipped Trog.
Trog was greatly pleased with you.
You visited 2 branches of the dungeon, and saw 16 of its levels.

You collected 773 gold pieces.


Innate Abilities, Weirdness & Mutations

You have a pair of large horns on your head.
You are mostly covered in yellow scales. (AC +3)
A weak demonic guardian rushes to your aid.
Your demonic aura often causes spilled blood to erupt in flames.


   Skills:
 + Level 11.1 Fighting
 - Level 16.0 Axes
 - Level 9.1 Armour
 - Level 5.3 Dodging


You had 12 spell levels left.
You didn't know any spells.
Your spell library was empty.

Inventory:

Hand Weapons
 u - a +2 morningstar of flaming
 Y - a +2 war axe (weapon)
Missiles
 l - 12 javelins
Armour
 j - a +0 plate armour (worn)
 o - a +2 pair of gloves (worn)
Jewellery
 a - a ring of fire
 b - an amulet of regeneration (around neck)
 c - a +4 ring of protection (left hand)
 h - a ring of protection from fire (right hand)
Wands
 m - a wand of mindburst (14)
 n - a wand of digging (5)
Scrolls
 d - 2 scrolls of teleportation
 i - 3 scrolls of identify
Potions
 e - a potion of might
 f - a potion of resistance
 g - 3 potions of haste
 k - 2 potions of mutation
 p - 3 potions of curing

Dungeon Overview and Level Annotations

Branches:
Dungeon (10/15)            Temple (0/1) D:5            Lair (6/6) D:10
  Swamp (0/4) Lair:2       Spider (0/4) Lair:2
  Slime: Lair:5-6       Orc: D:9-12

Altars:
Dithmenos
Gozag
Kikubaaqudgha
Okawaru
Ru
Sif Muna
Vehumet
Xom
The Shining One
Lugonu

Portals:
Abyss: Lair:2

Annotations:
D:8 1 runed translucent door, MirrMurr's ghost, novice GnHu
D:10 Maurice
Lair:2 2 transporters


Message History

Moving in this stuff is going to be slow.
13491 ||| Stepping ~*~*~tactically~*~*~ (water).
You enter the shallow water.
Moving in this stuff is going to be slow.
The electric eel shoots out a bolt of lightning at you!
The bolt of electricity hits you but does no damage.
13493 ||| Stepping ~*~*~tactically~*~*~ (water).
The electric eel shoots out a bolt of lightning at you!
The bolt of electricity hits you.
A demonic guardian appears!
You enter the shallow water.
Moving in this stuff is going to be slow.
The electric eel shoots out a bolt of lightning at you!
The bolt of electricity hits you but does no damage.
13495 ||| Stepping ~*~*~tactically~*~*~ (water).
You enter the shallow water.
Moving in this stuff is going to be slow.
The electric eel shoots out a bolt of lightning at you!
The bolt of electricity hits you.
The electric eel shoots out a bolt of lightning at you!
The bolt of electricity hits you.
13497 ||| Stepping ~*~*~tactically~*~*~ (water).
The electric eel shoots out a bolt of lightning at you!
The bolt of electricity misses you.
You enter the shallow water.
Moving in this stuff is going to be slow.
13499 ||| Stepping ~*~*~tactically~*~*~ (water).
The electric eel shoots out a bolt of lightning at you!
The bolt of electricity hits you but does no damage.
You enter the shallow water.
Moving in this stuff is going to be slow.
The electric eel shoots out a bolt of lightning at you!
The bolt of electricity hits you!
13501 ||| Stepping ~*~*~tactically~*~*~ (water).
The electric eel shoots out a bolt of lightning at you!
The bolt of electricity hits you.
You enter the shallow water.
Moving in this stuff is going to be slow.
The electric eel shoots out a bolt of lightning at you!
The bolt of electricity hits you!
You die...

.... 7~P~~77# #.. ..... #7
777P~P~P~## #.# #...#
#~77~P~~~~~~~# ### ####.#
..P.##77P~~~~~~~PP~7##.#####.#...
#....~~~~P~~~~~~~~PP7............
....7~~~~~~~~~~~~~~~~.##.........
....%~~~~~~~~~~~~~~...##.........
#....(................###........
....7~~~%~~~~~~~@~~.P####........
#..7~~~~~~~~P~P~~~~.~7 #........#
..#~~~~~~~~~777~~~~.~7 #.........
...7~P~~~~777777~~~.PP77#.......#
#.~~~P~~P~777~77P~~5;~7~.........
#.#~~~~~~~7~..~7~~~.~~7~###.#....
..#77~~~PP~....P~~~.~~~# ###....
#.# ~~~~~.......7~~.P7~# ##....
P.# ~77#.......~~~.~7 ####.....


You could see an electric eel (ally target) and a friendly iron imp (summoned).

Vanquished Creatures
  Rupert (Lair:5)
  Gastronok (D:8)
  A hydra (Lair:3)
  Harold (D:7)
  3 boulder beetles
  A catoblepas (Lair:6)
  3 two-headed ogres
  Erica (D:8)
  Nergalle (D:10)
  A bog body (Lair:2)
  Pikel (D:7)
  An oklob plant (Lair:3)
  An ugly thing (D:7)
  7 elephants (Lair:5)
  3 black mambas
  Joseph (D:10)
  9 cane toads
  Maggie (D:7)
  4 komodo dragons
  A polar bear (Lair:3)
  Prince Ribbit (D:5)
  11 blink frogs
  4 hornets
  6 dream sheep (Lair:4)
  Sigmund (D:3)
  A shadow (D:9)
  6 wyverns
  A vampire (D:9)
  A wraith (D:5)
  18 yaks
  6 basilisks
  2 steam dragons
  13 water moccasins
  Duvessa (D:6)
  A sky beast (D:6)
  A hornet zombie (D:7)
  2 ogres (D:5)
  2 orc warriors
  4 centaurs
  16 wolves
  A lemure (D:7)
  A phantom (D:6)
  3 kobold brigands
  7 bullfrogs
  A gnoll sergeant (D:10)
  5 scorpions
  A wyvern zombie (D:8)
  A water moccasin zombie (D:6)
  A wyvern skeleton (D:7)
  Dowan (D:6)
  4 wights (D:8)
  8 killer bees
  5 electric eels (Lair:3)
  A howler monkey (D:6)
  2 centaur zombies (D:9)
  2 bullfrog zombies (D:5)
  3 orc priests
  5 hounds
  3 gnoll shamans
  A bullfrog skeleton (D:5)
  An iguana (D:10)
  A centaur skeleton (D:6)
  11 orc wizards
  6 hell rats (Lair:4)
  Robin (D:2)
  11 gnolls
  2 adders
  A shadow imp (D:7)
  A white imp (D:5)
  3 worms
  2 dart slugs
  22 orcs
  6 ball pythons
  7 bats
  11 endoplasms
  6 giant cockroaches
  13 goblins
  8 hobgoblins
  2 jackals (D:5)
  15 kobolds
  5 quokkas
  3 frilled lizards
  8 rats
  A spectral hobgoblin (D:2)
  2 lurking horrors (Lair:2)
346 creatures vanquished.

Vanquished Creatures (collateral kills)
  A boulder beetle (Lair:6)
  An oklob plant (Lair:3)
  3 elephants (Lair:5)
  A cane toad (Lair:3)
  3 blink frogs
  A water moccasin (Lair:6)
  A necrophage (D:4)
  A killer bee zombie (D:5)
  7 gnolls
  2 orcs (D:8)
  A quokka (D:5)
22 creatures vanquished.

Vanquished Creatures (others)
  19 fungi
  53 plants
  2 withered plants (D:8)
74 creatures vanquished.

Grand Total: 442 creatures vanquished

Notes
Turn   | Place    | Note
-------+----------+-------------------------------------------
     0 | D:1      | Colgate the Demonspawn Berserker began the quest for the
                  | Orb.
     0 | D:1      | Reached XP level 1. HP: 18/18 MP: 1/1
     0 | D:1      | 0 ||| counter = 77
    91 | D:1      | Reached skill level 3 in Axes
   319 | D:1      | Gained mutation: You have a pair of small horns on your
                  | head. [demonic ancestry]
   319 | D:1      | Reached XP level 2. HP: 24/24 MP: 2/2
   857 | D:1      | 857 ||| READING scroll labelled FUSCHE JORUPE.
   858 | D:1      | 858 ||| READING scroll labelled JUREOH DOJIMO.
   859 | D:1      | 859 ||| READING scroll labelled UTSAEQ SULEXATAESK.
   864 | D:1      | 864 ||| READING scroll labelled JENOGH CAINNY.
   910 | D:2      | 910 ||| STAIRDANCE
   970 | D:2      | Reached ** piety under Trog
  1045 | D:2      | 1045 ||| DROPPING +0 club.
  1057 | D:2      | 1057 ||| INVOKING Berserk.
  1061 | D:2      | Gained mutation: Your demonic aura sometimes causes spilled
                  | blood to erupt in flames. [demonic ancestry]
  1061 | D:2      | Reached XP level 3. HP: 12/29 MP: 3/3
  1062 | D:2      | Reached skill level 4 in Axes
  1062 | D:2      | HP: 10/43 [poisoned by an adder]
  1067 | D:2      | HP: 4/29 [poisoned by an adder]
  1111 | D:2      | 1111 ||| INVOKING Berserk.
  1415 | D:2      | 1415 ||| STAIRDANCE
  1482 | D:1      | 1482 ||| UPGRADING to +0 ring mail.
  1492 | D:1      | 1492 ||| DROPPING +0 animal skin.
  1728 | D:2      | Found a faded altar of an unknown god.
  1838 | D:2      | 1838 ||| INVOKING Berserk.
  2067 | D:2      | Noticed Robin
  2078 | D:2      | 2078 ||| INVOKING Berserk.
  2080 | D:2      | Killed Robin
  2081 | D:2      | Reached XP level 4. HP: 35/35 MP: 4/4
  2568 | D:2      | 2568 ||| UPGRADING to amulet of regeneration.
  2680 | D:3      | Noticed Sigmund
  2681 | D:3      | 2681 ||| INVOKING Berserk.
  2685 | D:3      | Killed Sigmund
  2686 | D:3      | Reached skill level 6 in Axes
  2686 | D:3      | Gained mutation: You have a pair of horns on your head.
                  | [demonic ancestry]
  2686 | D:3      | Reached XP level 5. HP: 41/41 MP: 5/5
  2747 | D:3      | Reached *** piety under Trog
  3053 | D:3      | HP: 4/41 [disintegration (28)]
  3054 | D:3      | 3054 ||| INVOKING Berserk.
  3056 | D:3      | Gained mutation: A weak demonic guardian rushes to your
                  | aid. [demonic ancestry]
  3056 | D:3      | Reached XP level 6. HP: 9/47 MP: 6/6
  3454 | D:3      | 3454 ||| READING scroll labelled TOTEMIL BEROSCH.
  3455 | D:3      | 3455 ||| READING 2 scrolls of identify.
  3455 | D:3      | 3455 ||| IDENTIFYING bubbling pink potion
  3456 | D:3      | 3456 ||| DROPPING potion of magic.
  3631 | D:4      | Found an opulent altar of Gozag.
  3664 | D:4      | Noticed a water moccasin
  3670 | D:4      | Killed a water moccasin
  3754 | D:4      | 3754 ||| INVOKING Berserk.
  3874 | D:4      | Noticed an orc warrior
  3876 | D:4      | 3876 ||| INVOKING Berserk.
  3879 | D:4      | Killed an orc warrior
  3880 | D:4      | Reached skill level 7 in Axes
  3880 | D:4      | Reached XP level 7. HP: 54/54 MP: 7/7
  3930 | D:4      | 3930 ||| SWAPPING to +0 war axe.
  3931 | D:4      | 3931 ||| DROPPING +0 hand axe.
  3940 | D:4      | 3940 ||| DROPPING +0 whip.
  3962 | D:4      | Found an ancient bone altar of Kikubaaqudgha.
  4186 | D:4      | 4186 ||| UPGRADING to +0 scale mail.
  4196 | D:4      | 4196 ||| DROPPING +0 ring mail.
  4197 | D:4      | 4197 ||| UPGRADING to +0 chain mail.
  4207 | D:4      | 4207 ||| DROPPING +0 scale mail.
  4208 | D:4      | 4208 ||| UPGRADING to +4 ring of protection.
  4209 | D:4      | 4209 ||| READING scroll labelled SERIUV MACYELI.
  4231 | D:4      | 4231 ||| READING 2 scrolls of identify.
  4231 | D:4      | 4231 ||| IDENTIFYING yellow potion
  4232 | D:4      | 4232 ||| DROPPING potion of brilliance.
  4256 | D:5      | Entered Level 5 of the Dungeon
  4267 | D:5      | 4267 ||| INVOKING Berserk.
  4270 | D:5      | HP: 16/81 [gnoll (7)]
  4320 | D:5      | Reached **** piety under Trog
  4339 | D:5      | Noticed a wraith
  4340 | D:5      | 4340 ||| INVOKING Berserk.
  4351 | D:5      | Killed a wraith
  4352 | D:5      | Reached skill level 8 in Axes
  4352 | D:5      | Gained mutation: You are partially covered in yellow
                  | scales. (AC +2) [demonic ancestry]
  4352 | D:5      | Reached XP level 8. HP: 60/60 MP: 8/8
  4567 | D:5      | 4567 ||| DROPPING +0 flail.
  4654 | D:5      | Noticed Prince Ribbit
  4658 | D:5      | 4658 ||| INVOKING Berserk.
  4661 | D:5      | Killed Prince Ribbit
  4662 | D:5      | Reached skill level 9 in Axes
  4753 | D:5      | Found a staircase to the Ecumenical Temple.
  4796 | D:5      | 4796 ||| INVOKING Berserk.
  4885 | D:5      | Reached skill level 3 in Armour
  5044 | D:5      | 5044 ||| UPGRADING to +0 plate armour.
  5054 | D:5      | 5054 ||| UPGRADING to +2 pair of gloves.
  5059 | D:5      | 5059 ||| DROPPING +0 chain mail.
  5060 | D:5      | 5060 ||| READING scroll labelled PAGHOR FENEAR.
  5061 | D:5      | 5061 ||| READING scroll labelled QOOSCH WECH.
  5062 | D:5      | 5062 ||| READING scroll labelled SEERCHU YPOO.
  5087 | D:5      | 5087 ||| READING 3 scrolls of identify.
  5087 | D:5      | 5087 ||| IDENTIFYING viscous green potion
  5088 | D:5      | 5088 ||| READING 2 scrolls of identify.
  5088 | D:5      | 5088 ||| IDENTIFYING orange potion
  5393 | D:6      | Found a shimmering altar of Xom.
  5394 | D:6      | Found an iron altar of Okawaru.
  5423 | D:6      | Noticed Dowan
  5430 | D:6      | Noticed Duvessa
  5433 | D:6      | Killed Dowan
  5434 | D:6      | 5434 ||| INVOKING Berserk.
  5439 | D:6      | Killed Duvessa
  5525 | D:6      | Reached skill level 6 in Fighting
  5525 | D:6      | Reached XP level 9. HP: 69/69 MP: 9/9
  5752 | D:6      | Found a sacrificial altar of Ru.
  6028 | D:6      | 6028 ||| READING scroll labelled PEIFIR JITTIMM.
  6056 | D:6      | 6056 ||| DRINKING 2 coppery potions.
  6107 | D:7      | Noticed Pikel
  6114 | D:7      | 6114 ||| INVOKING Berserk.
  6127 | D:7      | Killed Pikel
  6128 | D:7      | Reached skill level 10 in Axes
  6150 | D:7      | Reached ***** piety under Trog
  6310 | D:7      | Noticed Harold
  6317 | D:7      | 6317 ||| INVOKING Berserk.
  6322 | D:7      | 6322 ||| INVOKING Brothers in Arms.
  6323 | D:7      | 6323 ||| INVOKING Brothers in Arms.
  6324 | D:7      | 6324 ||| INVOKING Brothers in Arms.
  6327 | D:7      | Killed Harold
  6527 | D:7      | Noticed Maggie
  6540 | D:7      | Killed Maggie
  6541 | D:7      | Gained mutation: You are mostly covered in yellow scales.
                  | (AC +3) [demonic ancestry]
  6541 | D:7      | Reached XP level 10. HP: 62/79 MP: 10/10
  6557 | D:7      | 6557 ||| DROPPING +0 flail of protection.
  6631 | D:7      | 6631 ||| INVOKING Berserk.
  6814 | D:7      | Noticed a green ugly thing
  6831 | D:7      | Killed a green ugly thing
  6832 | D:7      | Reached skill level 11 in Axes
  6835 | D:7      | 6835 ||| INVOKING Berserk.
  6841 | D:7      | HP: 29/118 [killer bee (3)]
  6846 | D:7      | HP: 22/118 [poisoned by a killer bee]
  6849 | D:7      | 6849 ||| INVOKING Brothers in Arms.
  6849 | D:7      | HP: 9/79 [steam dragon (5)]
  6850 | D:7      | HP: 3/79 [steam dragon (7)]
  7004 | D:7      | 7004 ||| READING 2 scrolls labelled FEOBRO NUUT.
  7005 | D:7      | 7005 ||| DRINKING 2 lumpy brown potions.
  7006 | D:7      | 7006 ||| DRINKING 2 metallic puce potions.
  7007 | D:7      | 7007 ||| DRINKING 2 white potions.
  7008 | D:7      | 7008 ||| READING 4 scrolls of identify.
  7008 | D:7      | 7008 ||| IDENTIFYING fuming purple potion
  7009 | D:7      | 7009 ||| READING 3 scrolls of identify.
  7009 | D:7      | 7009 ||| IDENTIFYING clear potion
  7010 | D:7      | 7010 ||| READING 2 scrolls of identify.
  7010 | D:7      | 7010 ||| IDENTIFYING emerald potion
  7011 | D:7      | 7011 ||| DROPPING potion of flight.
  7012 | D:7      | 7012 ||| DROPPING potion of degeneration.
  7013 | D:7      | 7013 ||| DROPPING potion of lignification.
  7014 | D:7      | 7014 ||| DROPPING potion of berserk rage.
  7015 | D:7      | 7015 ||| DROPPING scroll of noise.
  7191 | D:8      | Paralysed by a hornet for 3 turns
  7199 | D:8      | 7199 ||| INVOKING Berserk.
  7284 | D:8      | Found a runed translucent door.
  7285 | D:8      | Noticed MirrMurr's ghost (novice GnHu)
  7294 | D:8      | 7294 ||| INVOKING Berserk.
  7305 | D:8      | Reached skill level 6 in Armour
  7380 | D:8      | Paralysed by a hornet for 1 turns
  7499 | D:8      | Noticed Erica
  7510 | D:8      | Killed Erica
  7552 | D:8      | 7552 ||| INVOKING Berserk.
  7590 | D:8      | Found a shimmering blue altar of Sif Muna.
  7705 | D:8      | Noticed Gastronok
  7715 | D:8      | 7715 ||| INVOKING Berserk.
  7726 | D:8      | 7726 ||| INVOKING Brothers in Arms.
  7727 | D:8      | Killed Gastronok
  7728 | D:8      | Reached skill level 12 in Axes
  7728 | D:8      | Gained mutation: You have a pair of large horns on your
                  | head. [demonic ancestry]
  7728 | D:8      | Reached XP level 11. HP: 85/86 MP: 11/11
  7930 | D:8      | 7930 ||| UPGRADING to ring of protection from fire.
  7931 | D:8      | 7931 ||| READING scroll labelled JENUIMNUIDE.
  7932 | D:8      | 7932 ||| READING scroll labelled HULETAJ CUULE.
  7933 | D:8      | 7933 ||| READING 2 scrolls of identify.
  7933 | D:8      | 7933 ||| IDENTIFYING fizzy ruby potion
  7955 | D:9      | Noticed a two-headed ogre
  7961 | D:9      | 7961 ||| INVOKING Berserk.
  7965 | D:9      | Killed a two-headed ogre
  8222 | D:9      | Reached skill level 9 in Fighting
  8421 | D:9      | Noticed a two-headed ogre
  8423 | D:9      | 8423 ||| INVOKING Berserk.
  8427 | D:9      | Killed a two-headed ogre
  8458 | D:9      | Paralysed by a hornet for 1 turns
  8506 | D:9      | Found a shadowy altar of Dithmenos.
  8525 | D:9      | 8525 ||| Stepping randomly (stuck).
  8526 | D:9      | 8526 ||| Stepping randomly (stuck).
  8527 | D:9      | 8527 ||| Stepping randomly (stuck).
  8528 | D:9      | 8528 ||| Stepping randomly (stuck).
  8529 | D:9      | 8529 ||| Stepping randomly (stuck).
  8530 | D:9      | 8530 ||| Stepping randomly (stuck).
  8531 | D:9      | 8531 ||| Stepping randomly (stuck).
  8532 | D:9      | 8532 ||| Stepping randomly (stuck).
  8533 | D:9      | 8533 ||| Stepping randomly (stuck).
  8534 | D:9      | 8534 ||| Stepping randomly (stuck).
  8797 | D:10     | Entered Level 10 of the Dungeon
  8845 | D:10     | 8845 ||| STAIRDANCE
  8865 | D:10     | 8865 ||| STAIRDANCE
  8873 | D:10     | 8873 ||| STAIRDANCE
  8881 | D:10     | 8881 ||| STAIRDANCE
  8914 | D:10     | 8914 ||| STAIRDANCE
  8927 | D:10     | 8927 ||| STAIRDANCE
  8941 | D:9      | 8941 ||| STAIRDANCE
  8993 | D:10     | 8993 ||| STAIRDANCE
  9025 | D:10     | 9025 ||| STAIRDANCE
  9040 | D:9      | Reached skill level 13 in Axes
  9066 | D:10     | 9066 ||| DRINKING potion of cancellation.
  9112 | D:10     | Found a staircase to the Lair.
  9154 | D:10     | Noticed a two-headed ogre
  9155 | D:10     | 9155 ||| INVOKING Berserk.
  9159 | D:10     | Killed a two-headed ogre
  9367 | D:10     | Noticed Maurice
  9519 | D:10     | 9519 ||| Invisible monster not found???
  9550 | D:10     | Noticed Joseph
  9564 | D:10     | Killed Joseph
  9701 | D:10     | Found a radiant altar of Vehumet.
  9739 | D:10     | Noticed Nergalle
  9743 | D:10     | 9743 ||| INVOKING Berserk.
  9753 | D:10     | Killed Nergalle
  9875 | D:10     | 9875 ||| DRINKING 2 cyan potions.
  9891 | Lair:1   | Entered Level 1 of the Lair of Beasts
  9892 | Lair:1   | 9892 ||| Entered L.
  9901 | Lair:1   | 9901 ||| INVOKING Berserk.
  9908 | Lair:1   | 9908 ||| INVOKING Brothers in Arms.
 10137 | Lair:1   | 10137 ||| INVOKING Berserk.
 10140 | Lair:1   | Reached XP level 12. HP: 97/97 MP: 12/12
 10148 | Lair:1   | 10148 ||| INVOKING Brothers in Arms.
 10456 | Lair:1   | Reached skill level 14 in Axes
 10456 | Lair:1   | 10456 ||| STAIRDANCE
 10901 | Lair:2   | 10901 ||| INVOKING Berserk.
 10913 | Lair:2   | 10913 ||| INVOKING Brothers in Arms.
 10988 | Lair:2   | Noticed a boulder beetle
 11028 | Lair:2   | Killed a boulder beetle
 11094 | Lair:2   | Found a staircase to the Swamp.
 11100 | Lair:2   | 11100 ||| INVOKING Berserk.
 11281 | Lair:2   | Found a hole to the Spider Nest.
 11376 | Lair:2   | 11376 ||| READING scroll of enchant weapon.
 11376 | Lair:2   | 11376 ||| ENCHANTING +1 war axe.
 11651 | Lair:2   | Found a one-way gate to the infinite horrors of the Abyss.
 11652 | Lair:2   | Found a corrupted altar of Lugonu.
 11789 | Lair:2   | Found a transporter.
 11814 | Lair:2   | Found a transporter.
 11874 | Lair:2   | 11874 ||| READING 2 scrolls of identify.
 11874 | Lair:2   | 11874 ||| IDENTIFYING lumpy red potion
 11875 | Lair:2   | 11875 ||| DROPPING potion of attraction.
 11899 | Lair:3   | 11899 ||| Stepping ~*~*~tactically~*~*~ (water).
 11902 | Lair:3   | 11902 ||| INVOKING Berserk.
 12068 | Lair:3   | 12068 ||| INVOKING Berserk.
 12105 | Lair:3   | 12105 ||| Stepping ~*~*~tactically~*~*~ (water).
 12117 | Lair:3   | Reached skill level 15 in Axes
 12203 | Lair:3   | Noticed a boulder beetle
 12205 | Lair:3   | Received a gift from Trog
 12220 | Lair:3   | Killed a boulder beetle
 12324 | Lair:3   | Noticed an eight-headed hydra
 12329 | Lair:3   | 12329 ||| INVOKING Brothers in Arms.
 12331 | Lair:3   | 12331 ||| SWAPPING to +2 morningstar of flaming.
 12333 | Lair:3   | 12333 ||| INVOKING Berserk.
 12337 | Lair:3   | Killed an eight-headed hydra
 12345 | Lair:3   | 12345 ||| SWAPPING to +2 war axe.
 12475 | Lair:3   | 12475 ||| Stepping ~*~*~tactically~*~*~ (water).
 12481 | Lair:3   | Gained mutation: Your demonic aura often causes spilled
                  | blood to erupt in flames. [demonic ancestry]
 12481 | Lair:3   | Reached XP level 13. HP: 95/106 MP: 13/13
 12507 | Lair:3   | You fall into a shaft and drop 3 floors!
 12507 | Lair:6   | Entered Level 6 of the Lair of Beasts
 12508 | Lair:6   | 12508 ||| Shafted from Lair:3 to Lair:6.
 12539 | Lair:6   | 12539 ||| INVOKING Berserk.
 12564 | Lair:6   | 12564 ||| INVOKING Brothers in Arms.
 12570 | Lair:6   | HP: 24/106 [boulder beetle (29)]
 12571 | Lair:6   | 12571 ||| DRINKING 2 potions of heal wounds.
 12633 | Lair:5   | Noticed Rupert
 12634 | Lair:5   | 12634 ||| INVOKING Trog's Hand.
 12636 | Lair:5   | Reached skill level 9 in Armour
 12641 | Lair:5   | 12641 ||| INVOKING Brothers in Arms.
 12646 | Lair:5   | 12646 ||| INVOKING Berserk.
 12648 | Lair:5   | Killed Rupert
 12941 | Lair:3   | 12941 ||| Successfully unshafted to Lair:3.
 13353 | Lair:3   | 13353 ||| Stepping ~*~*~tactically~*~*~ (water).
 13355 | Lair:3   | 13355 ||| Stepping ~*~*~tactically~*~*~ (water).
 13360 | Lair:3   | 13360 ||| Stepping ~*~*~tactically~*~*~ (water).
 13362 | Lair:3   | 13362 ||| Stepping ~*~*~tactically~*~*~ (water).
 13365 | Lair:3   | 13365 ||| INVOKING Berserk.
 13370 | Lair:3   | Reached skill level 16 in Axes
 13421 | Lair:3   | 13421 ||| Stepping ~*~*~tactically~*~*~ (water).
 13424 | Lair:3   | 13424 ||| Stepping ~*~*~tactically~*~*~ (water).
 13426 | Lair:3   | 13426 ||| Stepping ~*~*~tactically~*~*~ (water).
 13428 | Lair:3   | 13428 ||| Stepping ~*~*~tactically~*~*~ (water).
 13430 | Lair:3   | 13430 ||| Stepping ~*~*~tactically~*~*~ (water).
 13432 | Lair:3   | 13432 ||| Stepping ~*~*~tactically~*~*~ (water).
 13434 | Lair:3   | 13434 ||| Stepping ~*~*~tactically~*~*~ (water).
 13436 | Lair:3   | 13436 ||| Stepping ~*~*~tactically~*~*~ (water).
 13438 | Lair:3   | 13438 ||| Stepping ~*~*~tactically~*~*~ (water).
 13440 | Lair:3   | 13440 ||| Stepping ~*~*~tactically~*~*~ (water).
 13442 | Lair:3   | 13442 ||| Stepping ~*~*~tactically~*~*~ (water).
 13444 | Lair:3   | 13444 ||| Stepping ~*~*~tactically~*~*~ (water).
 13446 | Lair:3   | 13446 ||| Stepping ~*~*~tactically~*~*~ (water).
 13448 | Lair:3   | 13448 ||| Stepping ~*~*~tactically~*~*~ (water).
 13450 | Lair:3   | 13450 ||| Stepping ~*~*~tactically~*~*~ (water).
 13452 | Lair:3   | 13452 ||| Stepping ~*~*~tactically~*~*~ (water).
 13454 | Lair:3   | 13454 ||| Stepping ~*~*~tactically~*~*~ (water).
 13456 | Lair:3   | 13456 ||| Stepping ~*~*~tactically~*~*~ (water).
 13458 | Lair:3   | 13458 ||| Stepping ~*~*~tactically~*~*~ (water).
 13460 | Lair:3   | 13460 ||| Stepping ~*~*~tactically~*~*~ (water).
 13462 | Lair:3   | 13462 ||| Stepping ~*~*~tactically~*~*~ (water).
 13464 | Lair:3   | 13464 ||| Stepping ~*~*~tactically~*~*~ (water).
 13466 | Lair:3   | 13466 ||| Stepping ~*~*~tactically~*~*~ (water).
 13468 | Lair:3   | 13468 ||| Stepping ~*~*~tactically~*~*~ (water).
 13470 | Lair:3   | 13470 ||| Stepping ~*~*~tactically~*~*~ (water).
 13472 | Lair:3   | 13472 ||| Stepping ~*~*~tactically~*~*~ (water).
 13474 | Lair:3   | 13474 ||| Stepping ~*~*~tactically~*~*~ (water).
 13476 | Lair:3   | 13476 ||| Stepping ~*~*~tactically~*~*~ (water).
 13478 | Lair:3   | 13478 ||| Stepping ~*~*~tactically~*~*~ (water).
 13480 | Lair:3   | 13480 ||| Stepping ~*~*~tactically~*~*~ (water).
 13480 | Lair:3   | HP: 16/106 [electric eel/bolt of electricity (18)]
 13481 | Lair:3   | 13481 ||| DRINKING potion of heal wounds.
 13483 | Lair:3   | 13483 ||| Stepping ~*~*~tactically~*~*~ (water).
 13485 | Lair:3   | 13485 ||| Stepping ~*~*~tactically~*~*~ (water).
 13485 | Lair:3   | HP: 16/106 [electric eel/bolt of electricity (7)]
 13486 | Lair:3   | HP: 4/106 [electric eel/bolt of electricity (6)]
 13487 | Lair:3   | 13487 ||| Stepping ~*~*~tactically~*~*~ (water).
 13489 | Lair:3   | 13489 ||| Stepping ~*~*~tactically~*~*~ (water).
 13491 | Lair:3   | 13491 ||| Stepping ~*~*~tactically~*~*~ (water).
 13493 | Lair:3   | 13493 ||| Stepping ~*~*~tactically~*~*~ (water).
 13493 | Lair:3   | HP: 12/106 [electric eel/bolt of electricity (4)]
 13495 | Lair:3   | 13495 ||| Stepping ~*~*~tactically~*~*~ (water).
 13497 | Lair:3   | 13497 ||| Stepping ~*~*~tactically~*~*~ (water).
 13499 | Lair:3   | 13499 ||| Stepping ~*~*~tactically~*~*~ (water).
 13500 | Lair:3   | HP: 7/106 [electric eel/bolt of electricity (10)]
 13501 | Lair:3   | 13501 ||| Stepping ~*~*~tactically~*~*~ (water).
 13502 | Lair:3   | Killed from afar by an electric eel

Levels and vault maps discovered:
D:1:      heliophobic_arrival_ceremonial_halls, layout_loops_ring
D:2:      layout_basic, dreamdust_ecumenical_altar_drowned_temple,
          grunt_ministairs_13, uniq_robin
D:3:      layout_basic, serial_corexii_hall, corexii_hall_statues_u,
          chequers_hall_statues_corner_a, uniq_sigmund
D:4:      layout_basic, grunt_gozag_breadcrumbs,
          mainiacjoe_overflow_small_starburst
D:5:      layout_rooms, minmay_temple_entry_poolview, uniq_prince_ribbit1
D:6:      layout_loops_corners, mainiacjoe_overflow_boulevard,
          chequers_temple_overflow_statue_of_worship, minmay_unpleasant_kobolds,
          uniq_duvessa
D:7:      layout_basic, serial_corexii_hall, chequers_hall_statues_corner_a,
          corexii_hall_statues_x, corexii_hall_statues_i, minivault_24,
          uniq_harold, uniq_maggie, uniq_pikel
D:8:      layout_rooms, kennysheep_orc_sif_temple, gammafunk_ghost_grave,
          grunt_decor_junction, grunt_decor_mini_mirrors, uniq_gastronok,
          uniq_erica
D:9:      layout_stronghold, amcnicky_altar_gilded
D:10:     layout_roguey, mainiacjoe_overflow_alcove_4, minmay_lair_entry_grove,
          uniq_nergalle, uniq_joseph, uniq_maurice
Lair:1:   beast_lair_carwin_large_2, layout_small_grid, grunt_megastairs_5
Lair:2:   gammafunk_cloud_chamber, layout_gridlike, skrybe_swamp_entry_bodies,
          nicolae_spider_entry_non_spiders, amcnicky_altar_lugonu_corruption
Lair:3:   layout_chaotic_city, serial_bayou, serial_bayou_pond_c,
          serial_bayou_pond_b, serial_bayou_pond_c, serial_bayou_lagoon_a,
          serial_bayou_lagoon_b, minmay_lair_oklob_chamber,
          infiniplex_staircase_pool_2
Lair:4:   layout_small_grid, grunt_forest_small_clearings, lemuel_fruit_tree,
          lemuel_fruit_fields, grunt_megastairs_2
Lair:5:   layout_gridlike, slime_altar_1, grunt_megastairs_4, uniq_rupert,
          uniq_nessos
Lair:6:   cheibrodos_lair_end_hotspot, layout_regular_city, grunt_megastairs_3,
          infiniplex_staircase_pool

Skill      XL: |  1  2  3  4  5  6  7  8  9 10 11 12 13 |
---------------+----------------------------------------+-----
Axes           | 3 4 6 7 8 9 10 12 13 15 16 | 16.0
Fighting       | 4 6 7 8 10 11 | 11.1
Dodging        | 2 4 5 |  5.3
Armour         | 2 4 5 6 7 8 9 |  9.1

Action                   |  1- 3 |  4- 6 |  7- 9 | 10-12 | 13-15 || total
-------------------------+-------+-------+-------+-------+-------++-------
Melee: Hand axe          |    98 |   130 |    14 |       |       ||   242
       Headbutt          |     8 |    27 |    51 |   143 |    46 ||   275
       War axe           |       |       |   226 |   590 |   148 ||   964
       Morningstar       |       |       |       |     8 |       ||     8
Invok: Berserk           |     4 |     4 |     7 |    17 |     3 ||    35
       Brothers in Arms  |       |       |     1 |     6 |     2 ||     9
       Trog's Hand       |       |       |       |       |     1 ||     1
  Use: Scroll            |     4 |     2 |     8 |     9 |       ||    23
       Potion            |       |       |     1 |     5 |     2 ||     8
 Stab: Sleeping          |     1 |       |       |       |       ||     1
       Distracted        |       |       |       |     1 |       ||     1
Armor: Animal skin       |    10 |       |       |       |       ||    10
       Ring mail         |    12 |    36 |     2 |       |       ||    50
       Chain mail        |       |       |    77 |       |       ||    77
       Plate armour      |       |       |   114 |   379 |    84 ||   577
       Skin              |       |       |       |     5 |       ||     5
Dodge: Dodged            |    42 |    47 |    78 |   206 |    37 ||   410

Table legend:
 A = Non-vault XP
 B = Vault XP
 C = Vault XP percentage of total XP
 D = Non-vault monster count
 E = Vault monster count
 F = Vault count percentage of total count
                 A         B        C        D         E       F
            +---------+---------+-------+---------+---------+-------
      Total |   29152 |   24211 |  45.4 |     271 |      94 |  25.8
            +---------+---------+-------+---------+---------+-------
        D:1 |      26 |       0 |   0.0 |      15 |       0 |   0.0
        D:2 |      63 |      35 |  35.7 |      27 |      14 |  34.1
        D:3 |      47 |     223 |  82.6 |      17 |       1 |   5.6
        D:4 |     554 |       0 |   0.0 |      20 |       0 |   0.0
        D:5 |    1143 |     274 |  19.3 |      34 |       1 |   2.9
        D:6 |     479 |     421 |  46.8 |      10 |       8 |  44.4
        D:7 |    1889 |    1718 |  47.6 |      28 |       3 |   9.7
        D:8 |    1205 |    3108 |  72.1 |      17 |       6 |  26.1
        D:9 |    3541 |    1473 |  29.4 |      18 |       8 |  30.8
       D:10 |    2931 |    1899 |  39.3 |      14 |       6 |  30.0
     Lair:1 |    1519 |    1931 |  56.0 |       6 |      11 |  64.7
     Lair:2 |    4287 |    1241 |  22.4 |      17 |       9 |  34.6
     Lair:3 |    7390 |    2899 |  28.2 |      29 |       7 |  19.4
     Lair:4 |    2924 |     468 |  13.8 |      15 |       1 |   6.2
     Lair:5 |    1154 |    6410 |  84.7 |       4 |      15 |  78.9
     Lair:6 |       0 |    2111 | 100.0 |       0 |       4 | 100.0
            +---------+---------+-------+---------+---------+-------
